 Dungeon Crawl Stone Soup version 0.31.0-9-g3a7656b989 (webtiles) character file.

Game seed: 16943170087621994042

7942 qw the Nimble (level 11, -14/53 HPs)
             Began as a Spriggan Hunter on Feb 2, 2024.
             Was an Elder of Okawaru.
             Demolished by a death knight
             ... wielding a +2 battleaxe
              (28 damage)
             ... on level 10 of the Dungeon.
             The game lasted 00:00:48 (6970 turns).

qw the Nimble (Spriggan Hunter)                     Turns: 6970, Time: 00:00:49

Health: -14/53     AC:  4    Str:  7    XL:     11   Next: 3%
Magic:  11/16      EV: 30    Int:  6    God:    Okawaru [****..]
Gold:   755        SH:  0    Dex: 27    Spells: 10/10 levels left

rFire   + . .        q - +1 orcbow
rCold   x . .        (shield currently unavailable)
rNeg    + + .        p - +1 troll leather armour
rPois   .            (helmet restricted)
rElec   +            (no cloak)
rCorr   .            (gloves unavailable)
SInv    +            (boots unavailable)
Will    +....        d - amulet of regeneration
Stlth   ++           e - ring of Jynet {Fire rElec rN+ Int-4 Dex+3}
HPRegen 1.88/turn    o - ring of positive energy
MPRegen 0.15/turn

%: no passive effects
@: about to teleport, finesse-ful, very quick
A: very small, no large weapons, unfitting armour, see invisible, speed 3
a: Renounce Religion, Heroism, Finesse


You were on level 10 of the Dungeon.
You worshipped Okawaru.
Okawaru was greatly pleased with you.
You visited 2 branches of the dungeon, and saw 12 of its levels.
You also visited: Sewer.

You collected 781 gold pieces.
You spent 26 gold pieces at shops.


Innate Abilities, Weirdness & Mutations

You are very small and have problems with some larger weapons.
You are too small for most types of armour.
You have supernaturally acute eyesight. (SInv)
You cover ground extremely quickly. (Speed+++)


   Skills:
 - Level 4.1 Fighting
 - Level 12.2 Ranged Weapons
 + Level 12.9 Dodging
 - Level 1.5 Stealth
 + Level 6.2 Invocations


You had 10 spell levels left.
You didn't know any spells.
Your spell library was empty.

Inventory:

Hand Weapons
 q - a +1 orcbow (weapon)
Armour
 k - a +0 robe of resistance
 p - a +1 troll leather armour (worn)
Jewellery
 d - an amulet of regeneration (around neck)
 e - the ring of Jynet (left hand) {Fire rElec rN+ Int-4 Dex+3}
   (You acquired it in a sewer)

   [ring of fire]

   Fire:      It enhances your fire magic.
   Int-4:     It affects your intelligence (-4).
   Dex+3:     It affects your dexterity (+3).
   rF+:       It protects you from fire.
   rC-:       It makes you vulnerable to cold.
   rElec:     It insulates you from electricity.
   rN+:       It protects you from negative energy.
 o - a ring of positive energy (right hand)
Wands
 c - a wand of paralysis (9)
 g - a wand of acid (8)
 j - a wand of mindburst (9)
 r - a wand of iceblast (8)
Scrolls
 m - 2 scrolls of teleportation
Potions
 b - a potion of mutation
 f - a potion of cancellation
 i - 5 potions of heal wounds
 l - a potion of might
 n - 3 potions of curing

Dungeon Overview and Level Annotations

Branches:
Dungeon (11/15)            Temple (1/1) D:5             Orc (0/2) D:9
  Sewer (visited)
   Lair: D:8-11

Altars:
Ashenzari
Cheibriados
Dithmenos
Elyvilon
Fedhas
Gozag
Hepliaklqana
Kikubaaqudgha
Makhleb
Nemelex Xobeh
Okawaru
Qazlal
Sif Muna
Trog
Uskayaw
Vehumet
Wu Jian
Xom
Yredelemnul
Zin
The Shining One

Shops:
D:2 *   D:6 (

Annotations:
D:7 3 runed translucent doors, qw's ghost, novice GrHu


Message History

You shoot an arrow. The arrow hits the troll!
The troll is heavily wounded.
You hear a bellow!
You hear a shout!
You shoot an arrow. The arrow hits the troll.
The troll is severely wounded.
The troll misses you. The troll claws you. The troll misses you.
You shoot an arrow. The arrow hits the troll!
You kill the troll!
Okawaru accepts your kill.
You have reached level 11!
You shoot an arrow.
The arrow hits the death knight but does no damage.
The death knight calls down the wrath of Yredelemnul upon you.
You easily resist.
You shoot an arrow. The arrow barely misses the basilisk.
You shoot an arrow. The arrow hits the basilisk!
The basilisk is heavily wounded.
The basilisk misses you.
A wraith comes into view.
You shoot an arrow. The arrow hits the basilisk!
The basilisk is severely wounded.
You shoot an arrow. The arrow hits the basilisk!
You kill the basilisk!
Okawaru accepts your kill.
You shoot an arrow.
The arrow barely misses the death knight.
You shoot an arrow.
The arrow hits the death knight but does no damage.
The death knight hits you with a +2 battleaxe!!!
Ouch! That really hurt!
You hear a bellow!
You shoot an arrow. The arrow hits the death knight.
The death knight is lightly wounded.
The death knight reflects your damage back at you!
6970 ||| READING 3 scrolls of teleportation.
As you read the scroll of teleportation, it crumbles to dust.
You feel strangely unstable.
The death knight hits you with a +2 battleaxe!!
Ouch! That really hurt!
You die...

# #..# #..# ######
#..#
######..#########.
...........
..................
..........##
####..............
#########.#
#...###......... #
#...###..#........ #
..###....#........ #
###.)#####........
######
#@.......#........
......
#.p#########........
####.. #..)#
#.####### #....# #[#
## ...#. #.# ...# .#
. ...# ! #..# #.
#..#


You could see a death knight (reflects damage).

Vanquished Creatures
  Lodul (D:10)
  Amaemon (D:9)
  A cyclops (D:9)
  An orange demon (D:9)
  An unseen horror (D:10)
  4 trolls
  Prince Ribbit (D:7)
  2 shadows
  A basilisk (D:10)
  A wyvern (D:8)
  Eustachio (D:5)
  Menkaure (D:4)
  An acid dragon (D:9)
  A water moccasin (D:4)
  3 orc warriors (D:9)
  A black bear (D:7)
  9 ogres
  4 centaurs
  Blork the orc (D:5)
  3 gnoll sergeants
  4 scorpions
  3 bullfrogs
  5 wights (D:8)
  3 killer bees (D:6)
  3 howler monkeys
  3 bombardier beetles
  2 orc priests
  A gnoll bouda (D:6)
  7 hounds
  6 jellies
  2 sleepcaps (D:5)
  3 iguanas
  7 orc wizards
  8 adders
  13 gnolls
  3 river rats (Sewer)
  2 white imps
  3 ribbon worms
  2 dart slugs
  30 orcs
  13 ball pythons
  9 endoplasms
  8 giant cockroaches
  8 hobgoblins
  5 kobolds
  2 quokkas
  5 bats (D:3)
  4 frilled lizards
  6 goblins
  10 rats
219 creatures vanquished.

Notes
Turn   | Place    | Note
-------+----------+-------------------------------------------
     0 | D:1      | qw the Spriggan Hunter began the quest for the Orb.
     0 | D:1      | Reached XP level 1. HP: 10/10 MP: 2/2
     0 | D:1      | 0 ||| qw: Version: 0.3-a-155-g5e7d8dd
     0 | D:1      | 0 ||| qw: Game counter: 2060
     0 | D:1      | 0 ||| qw: Melee chars always use a shield: true
     0 | D:1      | 0 ||| qw: God list: Okawaru
     0 | D:1      | 0 ||| qw: Allow faded altars: false
     0 | D:1      | 0 ||| qw: Do Orc after clearing Dungeon:15 true
     0 | D:1      | 0 ||| qw: Do second Lair branch before Depths: true
     0 | D:1      | 0 ||| qw: Lair rune preference: random
     0 | D:1      | 0 ||| qw: Goals: Normal
     0 | D:1      | 0 ||| PLANNING D:1-11
    39 | D:1      | Reached skill level 3 in Dodging
   226 | D:1      | Reached XP level 2. HP: 14/14 MP: 3/3
   666 | D:1      | Found a faded altar of an unknown god.
   761 | D:1      | 761 ||| DROPPING scarf of invisibility.
   762 | D:1      | 762 ||| READING 2 scrolls labelled ELYHOFFUXUE.
   762 | D:1      | 762 ||| IDENTIFYING puce potion
   763 | D:1      | 763 ||| READING scroll of identify.
   763 | D:1      | 763 ||| IDENTIFYING pink potion
   764 | D:1      | 764 ||| READING scroll labelled HUNY KEYLLERICH.
   765 | D:1      | 765 ||| DROPPING scroll of butterflies.
   766 | D:1      | 766 ||| DROPPING potion of brilliance.
   848 | D:2      | Reached XP level 3. HP: 18/18 MP: 4/4
  1086 | D:2      | Found Mozumim's Assorted Antiques.
  1093 | D:2      | 1093 ||| SHOPLISTING glowing copper wand (104 gold, have
                  | 33).
  1093 | D:2      | 1093 ||| SHOPLISTING quicksilver dragon scales (1560 gold,
                  | have 33).
  1093 | D:2      | 1093 ||| BUYING scroll labelled BOMISTR GOVVOTZ (26 gold).
  1093 | D:2      | Bought a scroll labelled BOMISTR GOVVOTZ for 26 gold pieces
  1336 | D:2      | 1336 ||| READING scroll labelled JUORAE UZEE.
  1340 | D:2      | 1340 ||| READING scroll labelled VATIBOTIDGH.
  1341 | D:2      | 1341 ||| READING scroll labelled BOMISTR GOVVOTZ.
  1359 | D:3      | 1359 ||| PLANNING SEWER
  1388 | D:3      | Found a glowing drain.
  1389 | D:3      | 1389 ||| DRINKING 2 grey potions.
  1465 | Sewer    | Entered a sewer
  1478 | Sewer    | Reached XP level 4. HP: 22/22 MP: 5/5
  1565 | Sewer    | Reached XP level 5. HP: 26/26 MP: 6/6
  1630 | Sewer    | Found a viscous altar of Jiyva.
  1667 | Sewer    | 1667 ||| READING 2 scrolls of identify.
  1667 | Sewer    | 1667 ||| IDENTIFYING golden potion
  1668 | Sewer    | 1668 ||| READING scroll of identify.
  1668 | Sewer    | 1668 ||| IDENTIFYING fuming golden potion
  1669 | Sewer    | 1669 ||| READING scroll labelled WEMEIRI YVARAO.
  1669 | Sewer    | Identified a scroll of acquirement
  1669 | Sewer    | 1669 ||| ACQUIRING ring of Jynet {Fire rElec rN+ Int-4
                  | Dex+3}
  1669 | Sewer    | Acquired the ring of Jynet {Fire rElec rN+ Int-4 Dex+3}
  1671 | Sewer    | 1671 ||| UPGRADING to ring of Jynet {Fire rElec rN+ Int-4
                  | Dex+3}.
  1672 | Sewer    | 1672 ||| DRINKING 2 yellow potions.
  1673 | Sewer    | 1673 ||| DRINKING 2 smoky golden potions.
  1674 | Sewer    | 1674 ||| DROPPING potion of magic.
  1675 | Sewer    | 1675 ||| DROPPING potion of invisibility.
  1689 | D:3      | 1689 ||| PLANNING D:1-11
  2125 | D:3      | 2125 ||| UPGRADING to amulet of the acrobat.
  2130 | D:3      | 2130 ||| READING 2 scrolls of identify.
  2130 | D:3      | 2130 ||| IDENTIFYING scroll labelled OZEMINW ZEUGG
  2131 | D:3      | 2131 ||| DROPPING scroll of vulnerability.
  2174 | D:4      | 2174 ||| STAIRDANCE
  2177 | D:3      | Reached skill level 6 in Dodging
  2177 | D:3      | Reached XP level 6. HP: 30/30 MP: 7/7
  2199 | D:4      | Reached skill level 6 in Ranged Weapons
  2379 | D:4      | Noticed Menkaure
  2380 | D:4      | 2380 ||| DRINKING potion of haste.
  2383 | D:4      | 2383 ||| ZAPPING wand of mindburst (15) at -5,2 (Menkaure;
                  | floor).
  2384 | D:4      | 2384 ||| ZAPPING wand of mindburst (14) at -5,2 (Menkaure;
                  | floor).
  2385 | D:4      | 2385 ||| ZAPPING wand of acid (4) at -4,2 (Menkaure;
                  | floor).
  2386 | D:4      | 2386 ||| ZAPPING wand of mindburst (13) at -4,2 (Menkaure;
                  | floor).
  2386 | D:4      | Killed Menkaure
  2418 | D:4      | 2418 ||| DROPPING +4 sling.
  2422 | D:4      | Noticed a water moccasin
  2426 | D:4      | Killed a water moccasin
  2427 | D:4      | Reached XP level 7. HP: 35/35 MP: 8/8
  2572 | D:4      | Found a shadowy altar of Dithmenos.
  2601 | D:4      | 2601 ||| READING scroll of identify.
  2601 | D:4      | 2601 ||| IDENTIFYING fizzy coppery potion
  2602 | D:4      | 2602 ||| READING scroll labelled OWIARH IPUTSUTH.
  2703 | D:4      | 2703 ||| READING scroll labelled CEPTOL ETYESS.
  2704 | D:4      | 2704 ||| READING scroll labelled QURULOEFOG.
  2704 | D:4      | 2704 ||| ENCHANTING +0 shortbow.
  2726 | D:5      | Entered Level 5 of the Dungeon
  2750 | D:5      | Found a broken altar of Ashenzari.
  2771 | D:5      | Found a staircase to the Ecumenical Temple.
  2772 | D:5      | 2772 ||| PLANNING TEMPLE
  2780 | Temple   | Entered the Ecumenical Temple
  2781 | Temple   | 2781 ||| PLANNING OKAWARU WORSHIP
  2785 | Temple   | Became a worshipper of Warmaster Okawaru
  2786 | Temple   | 2786 ||| PLANNING D:1-11
  2919 | D:5      | Identified the +7 short sword "Jinyluti" {elec, rC+ Will-
                  | Str+2}
  3019 | D:5      | Noticed a yak
  3019 | D:5      | Noticed a yak
  3019 | D:5      | Noticed a yak
  3020 | D:5      | 3020 ||| RETREEEEATING.
  3021 | D:5      | Noticed a yak
  3022 | D:5      | 3022 ||| RETREEEEATING.
  3023 | D:5      | Noticed a yak
  3024 | D:5      | 3024 ||| RETREEEEATING.
  3026 | D:5      | 3026 ||| RETREEEEATING.
  3028 | D:5      | 3028 ||| RETREEEEATING.
  3029 | D:5      | 3029 ||| ZAPPING wand of mindburst (12) at -2,-1 (yak;
                  | floor).
  3030 | D:5      | 3030 ||| ZAPPING wand of mindburst (11) at -2,-1 (yak;
                  | floor).
  3031 | D:5      | 3031 ||| ZAPPING wand of mindburst (10) at -1,-1 (yak;
                  | open_door).
  3032 | D:5      | 3032 ||| RETREEEEATING.
  3033 | D:5      | 3033 ||| ZAPPING wand of mindburst (9) at 0,-1 (yak;
                  | floor).
  3034 | D:5      | 3034 ||| ZAPPING wand of mindburst (8) at 0,-1 (yak;
                  | floor).
  3035 | D:5      | 3035 ||| RETREEEEATING.
  3036 | D:5      | 3036 ||| FLEEEEING.
  3037 | D:5      | 3037 ||| FLEEEEING.
  3038 | D:5      | 3038 ||| FLEEEEING.
  3039 | D:5      | 3039 ||| FLEEEEING.
  3040 | D:5      | 3040 ||| FLEEEEING.
  3041 | D:5      | 3041 ||| FLEEEEING.
  3042 | D:5      | 3042 ||| FLEEEEING.
  3043 | D:5      | 3043 ||| FLEEEEING.
  3044 | D:5      | 3044 ||| FLEEEEING.
  3046 | D:5      | 3046 ||| FLEEEEING.
  3047 | D:5      | 3047 ||| FLEEEEING.
  3049 | D:5      | 3049 ||| FLEEEEING.
  3050 | D:5      | 3050 ||| FLEEEEING.
  3052 | D:5      | 3052 ||| FLEEEEING.
  3059 | D:5      | 3059 ||| FLEEEEING.
  3060 | D:5      | 3060 ||| FLEEEEING.
  3061 | D:5      | 3061 ||| FLEEEEING.
  3062 | D:5      | 3062 ||| STAIRDANCE
  3085 | D:4      | 3085 ||| READING scroll labelled CEYKYCRUFOIW.
  3143 | D:5      | Noticed Eustachio
  3144 | D:5      | 3144 ||| ZAPPING wand of mindburst (7) at 3,3 (Eustachio;
                  | floor).
  3145 | D:5      | 3145 ||| ZAPPING wand of mindburst (6) at 1,2 (Eustachio;
                  | floor).
  3146 | D:5      | 3146 ||| ZAPPING wand of mindburst (5) at 1,1 (Eustachio;
                  | open_door).
  3146 | D:5      | Killed Eustachio
  3147 | D:5      | Reached XP level 8. HP: 39/39 MP: 9/9
  3264 | D:5      | Reached * piety under Okawaru
  3337 | D:5      | Reached skill level 9 in Dodging
  3372 | D:5      | Reached skill level 1 in Invocations
  3449 | D:5      | Noticed Blork the orc
  3459 | D:5      | Killed Blork the orc
  3663 | D:6      | Reached skill level 3 in Fighting
  3724 | D:6      | 3724 ||| RETREEEEATING.
  3725 | D:6      | 3725 ||| RETREEEEATING.
  3736 | D:6      | Reached skill level 3 in Invocations
  3856 | D:6      | 3856 ||| RETREEEEATING.
  3857 | D:6      | 3857 ||| RETREEEEATING.
  3858 | D:6      | 3858 ||| RETREEEEATING.
  3859 | D:6      | 3859 ||| RETREEEEATING.
  3860 | D:6      | 3860 ||| RETREEEEATING.
  3861 | D:6      | 3861 ||| RETREEEEATING.
  3862 | D:6      | 3862 ||| RETREEEEATING.
  3863 | D:6      | 3863 ||| RETREEEEATING.
  3864 | D:6      | 3864 ||| RETREEEEATING.
  3999 | D:6      | Noticed a troll
  4000 | D:6      | 4000 ||| INVOKING Heroism.
  4006 | D:6      | Killed a troll
  4043 | D:6      | Reached skill level 9 in Ranged Weapons
  4043 | D:6      | Reached XP level 9. HP: 44/44 MP: 13/13
  4056 | D:6      | 4056 ||| SWAPPING to +0 orcbow.
  4062 | D:6      | 4062 ||| DROPPING +1 shortbow.
  4149 | D:6      | Found a bloodstained altar of Trog.
  4184 | D:6      | Found Adaicz Luol's Weapon Boutique.
  4192 | D:6      | 4192 ||| UPGRADING to +0 robe of resistance.
  4202 | D:6      | 4202 ||| DROPPING +0 robe.
  4203 | D:6      | 4203 ||| UPGRADING to +0 troll leather armour.
  4407 | D:6      | Found a hazy altar of Hepliaklqana.
  4440 | D:6      | Reached ** piety under Okawaru
  4550 | D:6      | Found a shimmering altar of Xom.
  4553 | D:6      | Found a sparkling altar of Nemelex Xobeh.
  4554 | D:6      | 4554 ||| READING scroll of identify.
  4554 | D:6      | 4554 ||| IDENTIFYING coppery potion
  4555 | D:6      | 4555 ||| DROPPING potion of lignification.
  4579 | D:7      | Found a runed translucent gate.
  4579 | D:7      | Noticed qw's ghost (novice GrHu)
  4580 | D:7      | Found a runed translucent gate.
  4581 | D:7      | Found a runed translucent gate.
  4617 | D:7      | Found a glowing golden altar of the Shining One.
  4658 | D:7      | Found a burning altar of Makhleb.
  4924 | D:7      | Noticed Prince Ribbit
  4932 | D:7      | Killed Prince Ribbit
  4949 | D:7      | Found an ancient bone altar of Kikubaaqudgha.
  4960 | D:7      | 4960 ||| ZAPPING wand of acid (3) at 1,1 (black bear;
                  | floor).
  4961 | D:7      | 4961 ||| ZAPPING wand of acid (2) at 1,1 (black bear;
                  | floor).
  5397 | D:7      | 5397 ||| READING scroll of identify.
  5397 | D:7      | 5397 ||| IDENTIFYING fuming amethyst potion
  5398 | D:7      | 5398 ||| READING scroll labelled UQUMER FYNABOTZ.
  5399 | D:7      | 5399 ||| READING scroll labelled MOIVULI TANIM.
  5400 | D:7      | 5400 ||| DRINKING 2 bubbling golden potions.
  5401 | D:7      | 5401 ||| DROPPING potion of degeneration.
  5403 | D:7      | 5403 ||| Stepping ~*~*~tactically~*~*~ (cloud).
  5481 | D:8      | 5481 ||| STAIRDANCE
  5485 | D:8      | 5485 ||| STAIRDANCE
  5495 | D:8      | 5495 ||| STAIRDANCE
  5653 | D:8      | 5653 ||| READING scroll of enchant weapon.
  5653 | D:8      | 5653 ||| ENCHANTING +0 orcbow.
  5789 | D:8      | Reached *** piety under Okawaru
  5963 | D:9      | Found an ornate altar of the Wu Jian Council.
  5983 | D:9      | You fall into a shaft and drop 2 floors!
  5986 | D:10     | Entered Level 10 of the Dungeon
  5996 | D:10     | Noticed Lodul
  5997 | D:10     | 5997 ||| INVOKING Heroism.
  5998 | D:10     | 5998 ||| ZAPPING wand of acid (1) at 5,1 (Lodul; floor).
  6002 | D:10     | Reached XP level 10. HP: 49/49 MP: 11/14
  6003 | D:10     | 6003 ||| RETREEEEATING.
  6005 | D:10     | 6005 ||| RETREEEEATING.
  6006 | D:10     | 6006 ||| RETREEEEATING.
  6007 | D:10     | 6007 ||| RETREEEEATING.
  6008 | D:10     | 6008 ||| RETREEEEATING.
  6009 | D:10     | 6009 ||| RETREEEEATING.
  6010 | D:10     | 6010 ||| RETREEEEATING.
  6021 | D:10     | Reached **** piety under Okawaru
  6025 | D:10     | 6025 ||| INVOKING Finesse.
  6032 | D:10     | 6032 ||| INVOKING Heroism.
  6033 | D:10     | Killed Lodul
  6034 | D:10     | Reached skill level 12 in Dodging
  6124 | D:10     | 6124 ||| UPGRADING to amulet of regeneration.
  6134 | D:10     | 6134 ||| DROPPING amulet of the acrobat.
  6135 | D:10     | 6135 ||| UPGRADING to ring of positive energy.
  6272 | D:9      | Found a staircase to the Orcish Mines.
  6439 | D:9      | Noticed a cyclops
  6440 | D:9      | 6440 ||| INVOKING Finesse.
  6444 | D:9      | Killed a cyclops
  6689 | D:9      | Noticed an orange demon
  6690 | D:9      | 6690 ||| INVOKING Finesse.
  6692 | D:9      | Noticed Amaemon
  6716 | D:9      | Killed Amaemon
  6717 | D:9      | Reached skill level 12 in Ranged Weapons
  6723 | D:9      | Killed an orange demon
  6813 | D:9      | 6813 ||| READING scroll of identify.
  6813 | D:9      | 6813 ||| IDENTIFYING scroll labelled SYMOMI IL NAT
  6814 | D:9      | 6814 ||| READING scroll of enchant armour.
  6814 | D:9      | 6814 ||| ENCHANTING +0 troll leather armour.
  6932 | D:10     | Reached skill level 6 in Invocations
  6947 | D:10     | Noticed a death knight
  6948 | D:10     | 6948 ||| INVOKING Finesse.
  6962 | D:10     | Reached XP level 11. HP: 51/53 MP: 11/16
  6969 | D:10     | HP: 11/53 [mirror damage (3)]
  6970 | D:10     | 6970 ||| READING 3 scrolls of teleportation.
  6970 | D:10     | Demolished by a death knight

Levels and vault maps discovered:
D:1:      dpeg_arrival_short_road, layout_loops_ring,
          shapermc_ecumenical_altar_flowoftime
D:2:      layout_basic, serial_shops, shop_statue, grunt_decor_cap
D:3:      layout_rooms, mainiacjoe_sewer_entry_somewhere_in_here_1
D:4:      layout_rooms, nicolae_dithmenos_the_darkroom, uniq_menkaure
D:5:      layout_gridville, mainiacjoe_overflow_boulevard,
          minmay_temple_entry_mini_moons, chequers_avenue,
          hangedman_decor_slide_cut, uniq_blork_the_orc, uniq_eustachio
D:6:      layout_loops_ring, amcnicky_altar_gilded, jmf_multi_god_temple2,
          lemuel_crystal_altar, serial_shops, shop,
          serial_library_hellmonk_reading_circle, minmay_misc_feat_columns,
          chequers_serial_rivers_micro_a, minmay_misc_feat_doors
D:7:      layout_loops_corners, lemuel_tele_altar, lemuel_doored_altar,
          tso_altar, gammafunk_ghost_split, uniq_prince_ribbit1
D:8:      layout_rooms
D:9:      layout_loops_ring, mainiacjoe_overflow_cross_hatched, david_orc_2,
          uniq_amaemon
D:10:     minmay_the_grid_triangle_9x9_rhombus_thin_mashed
          [minmay_the_grid_triangle_9x9_negative_grid,
          minmay_the_grid_triangle_9x9_prize_special,
          minmay_the_grid_triangle_9x9_wacky_v,
          minmay_the_grid_triangle_9x9_checkered], layout_long_grid,
          mainiacjoe_overflow_paths, uniq_lodul
D:11:     layout_stronghold, dpeg_lair_monsters, enter_trove_3
Temple:   minmay_freezing_vapour_temple

Skill      XL: |  1  2  3  4  5  6  7  8  9 10 |
---------------+-------------------------------+-----
Dodging        | 3 4 5 6 7 8 9 11 12 | 12.9
Ranged Weapons | 5 6 8 9 10 12 | 12.2
Fighting       | 2 3 4 |  4.1
Invocations    | 4 6 |  6.2
Stealth        | |  1.5

Action                     |  1- 3 |  4- 6 |  7- 9 | 10-12 || total
---------------------------+-------+-------+-------+-------++-------
   Fire: Shortbow          |   113 |   166 |   194 |       ||   473
         Orcbow            |       |       |   184 |   165 ||   349
 Invoke: Heroism           |       |       |     2 |     1 ||     3
         Finesse           |       |       |       |     4 ||     4
  Evoke: Wand              |       |     4 |    11 |       ||    15
    Use: Scroll            |     6 |     4 |    10 |     3 ||    23
         Potion            |     1 |     3 |     1 |       ||     5
 Armour: Robe              |    10 |    12 |    21 |       ||    43
         Troll leather arm |       |       |    18 |    18 ||    36
  Dodge: Dodged            |    38 |    70 |   206 |    86 ||   400

Table legend:
 A = Non-vault XP
 B = Vault XP
 C = Vault XP percentage of total XP
 D = Non-vault monster count
 E = Vault monster count
 F = Vault count percentage of total count
                 A         B        C        D         E       F
            +---------+---------+-------+---------+---------+-------
      Total |    6339 |    5008 |  44.1 |     162 |      57 |  26.0
            +---------+---------+-------+---------+---------+-------
        D:1 |      28 |       0 |   0.0 |      17 |       0 |   0.0
        D:2 |      30 |       0 |   0.0 |       8 |       0 |   0.0
        D:3 |      86 |      22 |  20.4 |      24 |       5 |  17.2
        D:4 |     364 |     175 |  32.5 |      21 |       1 |   4.5
        D:5 |     679 |     276 |  28.9 |      17 |       2 |  10.5
        D:6 |    1081 |      88 |   7.5 |      16 |       2 |  11.1
        D:7 |     597 |     255 |  29.9 |      17 |       1 |   5.6
        D:8 |     999 |       0 |   0.0 |      20 |       0 |   0.0
        D:9 |    1287 |    1476 |  53.4 |      18 |      10 |  35.7
       D:10 |    1188 |    2467 |  67.5 |       4 |      14 |  77.8
      Sewer |       0 |     249 | 100.0 |       0 |      22 | 100.0
            +---------+---------+-------+---------+---------+-------
